 Dungeon Crawl Stone Soup version 0.29-a0-409-gd843f3a48c (webtiles) character file.

Game seed: 14687835415527755134

34612 holysushi the Spry (level 14, -1/92 HPs)
             Began as a Kobold Monk on May 14, 2022.
             Was a High Priest of Dithmenos.
             Slain by ew1980's ghost (5 damage)
             ... on level 4 of the Lair of Beasts.
             The game lasted 00:37:51 (20495 turns).

holysushi the Spry (Kobold Monk)                   Turns: 20495, Time: 00:37:52

Health: -1/92      AC: 11    Str:  9    XL:     14   Next: 14%
Magic:  16/16      EV: 28    Int: 13    God:    Dithmenos [*****.]
Gold:   844        SH:  0    Dex: 22    Spells: 5/13 levels left

rFire   . . .      SeeInvis .   u - +6 short sword (vamp)
rCold   . . .      Faith    .   e - orb {*Rage}
rNeg    . . .      Spirit   .   B - +1 steam dragon scales of Eternity {rPois Int+2}
rPois   +          Reflect  .   (no helmet)
rElec   .          Harm     .   w - +1 cloak
rCorr   .          Rampage  .   K - +0 pair of gloves
Will    +....      Rage     20% y - +1 pair of boots Stlth **++++++++
                                (no amulet)
HPRegen 0.25/turn               (no ring)
MPRegen 0.15/turn               (no ring)

@: about to teleport, on berserk cooldown, slowed, wreathed by umbra, very slow
A: small, no large weapons, nightstalker 3
a: Renounce Religion, Shadow Step, Shadow Form


You were on level 4 of the Lair of Beasts.
You worshipped Dithmenos.
Dithmenos was extremely pleased with you.
You visited 3 branches of the dungeon, and saw 15 of its levels.
You also visited: Bailey.

You collected 844 gold pieces.

Inventory:

Hand Weapons
 u - a +6 vampiric short sword (weapon)
Armour
 d - +2 fire dragon scales
 e - an orb of wrath (worn)
 w - a +1 cloak (worn)
 y - a +1 pair of boots (worn)
 B - the +1 steam dragon scales of Eternity (worn) {rPois Int+2}
   (You found it in a bailey)

   Int:       It affects your intelligence (+2).
   rPois:     It protects you from poison.
 K - a +0 pair of gloves (worn)
Jewellery
 s - an amulet of guardian spirit
 G - a +6 ring of dexterity
 O - a ring of flight
 T - a ring of protection from cold
 U - a ring of resist corrosion
Wands
 i - a wand of paralysis (5)
 k - a wand of iceblast (8)
 r - a wand of mindburst (11)
 z - a wand of flame (38)
 E - a wand of acid (10)
 J - a wand of polymorph (9)
 R - a wand of digging (4)
 S - a wand of charming (2)
Scrolls
 a - a scroll of brand weapon
 b - 2 scrolls of amnesia
 h - 3 scrolls of poison
 j - 3 scrolls of vulnerability
 m - 2 scrolls of teleportation
 q - a scroll of silence
 v - 8 scrolls of fog
 F - 2 scrolls of magic mapping
 L - 2 scrolls of fear
 M - 4 scrolls of identify
 N - a scroll of enchant weapon
Potions
 c - 6 potions of ambrosia
 f - 4 potions of brilliance
 g - 6 potions of heal wounds
 n - 3 potions of lignification
 o - 9 potions of curing
 p - 3 potions of might
 t - 4 potions of attraction {unknown}
 x - 2 potions of flight {unknown}
 A - 4 potions of invisibility {unknown}
 C - 2 potions of haste
 D - a potion of magic {unknown}
 H - 2 potions of mutation {unknown}
 I - a potion of resistance {unknown}
 P - a potion of berserk rage {unknown}
Miscellaneous
 Q - a condenser vane (inert)


   Skills:
 + Level 12.2 Fighting
 + Level 14.5 Short Blades
 - Level 15.0 Dodging
 + Level 13.5 Stealth
 - Level 3.0 Invocations
 - Level 10.0 Evocations


You had 5 spell levels left.
You knew the following spells:

 Your Spells              Type           Power      Damage    Failure   Level
a - Ensorcelled Hibernat  Hex/Ice        0%         N/A       43%         2
b - Confusing Touch       Hex            0%         N/A       67%         3
c - Dazzling Flash        Conj/Hex       0%         N/A       67%         3

Your spell library contained the following spells:

 Spells                   Type           Power      Damage    Failure   Level
 Foxfire                  Conj/Fire      0%         2x1d4     30%         1
 Slow                     Hex            0%         N/A       30%         1
 Summon Small Mammal      Summ           0%         N/A       30%         1
 Passwall                 Tmut/Erth      0%         N/A       43%         2
 Call Canine Familiar     Summ           0%         N/A       67%         3
 Conjure Flame            Conj/Fire      0%         6-21      67%         3
 Inner Flame              Hex/Fire       0%         N/A       67%         3
 Summon Guardian Golem    Hex/Summ       0%         N/A       67%         3
 Swiftness                Air            0%         N/A       67%         3
 Vampiric Draining        Necr           0%         2d6       67%         3
 Flame Wave               Conj/Fire      0%         2d4       97%         4
 Agony                    Necr           0%         N/A       100%        5
 Silence                  Hex/Air        0%         N/A       100%        5


Dungeon Overview and Level Annotations

Branches:
Dungeon (10/15)            Temple (1/1) D:4            Lair (4/6) D:8
 Shoals (0/4) Lair:3        Snake (0/4) Lair:4          Orc (0/2) D:9
 Bailey (visited)

Altars:
Ashenzari
Cheibriados
Dithmenos
Elyvilon
Fedhas
Gozag
Hepliaklqana
Kikubaaqudgha
Makhleb
Nemelex Xobeh
Okawaru
Qazlal
Ru
Sif Muna
Trog
Uskayaw
Vehumet
Wu Jian
Xom
Yredelemnul
Zin
The Shining One

Shops:
D:5 (

Annotations:
D:6 1 runed translucent door, hquester's ghost, amateur SpFi
Lair:3 exclusion: oklob plant
Lair:4 1 transporter, ew1980's ghost, journeyman TrGl


Innate Abilities, Weirdness & Mutations

You are small and have problems with some larger weapons.
You are completely attuned to the shadows.


Message History

Clouds of flame condense around you!
The condenser dries out!
Ew1980's ghost is engulfed in blazing flames.
Ew1980's ghost closely misses you.
The seven-headed hydra is engulfed in blazing flames.
Ew1980's ghost barely misses you.
Unknown command.
Aiming: Corrosive Bolt
Press: ? - help, Shift-Dir - straight line, f - seven-headed hydra, p - ew1980's ghost
Aim: a seven-headed hydra (flame, lightly wounded, umbra, 92% to hit)
The bolt of acid hits ew1980's ghost.
Ew1980's ghost is heavily damaged.
The bolt of acid hits the seven-headed hydra!
The seven-headed hydra is moderately wounded.
Ew1980's ghost is engulfed in blazing flames.
Ew1980's ghost hits you!!
You emit a cloud of dark smoke.
The seven-headed hydra is engulfed in blazing flames.
Unknown command.
Aiming: Mindburst
Press: ? - help, Shift-Dir - straight line, f - ew1980's ghost
Aim: ew1980's ghost (flame, heavily damaged, umbra, chance to affect: 42%) Ew1980's ghost resists with some effort.
Ew1980's ghost is engulfed in blazing flames.
Ew1980's ghost hits you!!
* * * LOW HITPOINT WARNING * * *
Ew1980's ghost is engulfed in blazing flames.
Ew1980's ghost whispers, "Death doesn't hurt.
What you feel is life." Ew1980's ghost hits you!
* * * LOW HITPOINT WARNING * * *
You hear a loud, deep croak!
Okay, then.
Press: ? - help, v - describe, . - travel
Here: ew1980's ghost (flame, severely damaged, umbra)
The floor.
Unknown command.
Blink to where?
Press: ? - help, Dir - move target, p - ew1980's ghost
As you read the scroll of blinking, it crumbles to dust.
As you read the scroll of teleportation, it crumbles to dust.
You feel strangely unstable. Ew1980's ghost hits you.
You die...

##...#..###.....##.©.##......
#...#.P...##...##.###.##.....
#.............##≈..$...##....
##...........##8... .8##...
#..........##†.#.. .#..##..
#.........##.$...# .≈..##.
#.........#D#.$## .#.#.
##.....#...#W#..#Y. .#.#.
#...#####..#@#≈$##. .#.#.
##..###....##F§.. ..##.
#...##.....##§.#. #..##..
##...†...#...##8...≈...8##...
#P..###..##...##....F..##....
#...# ##.##....##$###.##....#
#)..########....##...##.....#
##..##.###P......#####......#
#..................©.........


You could see a seven-headed hydra, a bullfrog and ew1980's ghost.

Vanquished Creatures
  2 hydras (Lair:1)
  A boulder beetle (Lair:3)
  A catoblepas (Lair:3)
  3 two-headed ogres
  A death yak (Lair:4)
  2 lindwurms
  A deep elf pyromancer (D:9)
  An elephant (Lair:4)
  A manticore (D:10)
  A merfolk siren (Lair:3)
  7 black mambas
  7 cane toads
  A torpor snail (Lair:4)
  A gargoyle (D:10)
  9 komodo dragons
  4 rime drakes
  A queen bee (Lair:4)
  A polar bear (Lair:1)
  A troll (D:10)
  A merfolk (Lair:3)
  3 meliai (Lair:4)
  11 blink frogs
  Sigmund (D:3)
  2 spriggans (Bailey)
  31 yaks
  3 wyverns
  3 steam dragons
  4 basilisks (Lair:4)
  4 nagas (Lair:4)
  An acid dragon (D:10)
  Edmund (D:4)
  5 water moccasins
  6 orc warriors (D:9)
  4 ice beasts
  29 wolves
  9 ogres
  2 phantoms (D:7)
  A kobold brigand (D:10)
  10 bullfrogs
  A gnoll sergeant (D:8)
  A necrophage (D:6)
  3 scorpions
  10 wights
  39 killer bees
  2 howler monkeys (D:9)
  7 hounds
  4 orc priests
  3 iguanas
  8 orc wizards
  Natasha (thrice) (D:4)
  10 gnolls
  9 adders
  2 white imps
  An ufetubus (D:5)
  6 dart slugs
  37 orcs
  6 ball pythons
  6 bats
  5 endoplasms
  5 giant cockroaches
  13 goblins
  7 hobgoblins
  4 jackals (D:1)
  2 frilled lizards
  5 kobolds
  4 rats
380 creatures vanquished.

Vanquished Creatures (others)
  25 fungi
  51 plants
76 creatures vanquished.

Grand Total: 456 creatures vanquished

Notes
Turn   | Place    | Note
-------+----------+-------------------------------------------
     0 | D:1      | holysushi the Kobold Monk began the quest for the Orb.
     0 | D:1      | Reached XP level 1. HP: 14/14 MP: 1/1
   133 | D:1      | Reached XP level 2. HP: 19/19 MP: 2/2
   619 | D:1      | Reached XP level 3. HP: 23/23 MP: 3/3
   802 | D:1      | Reached skill level 5 in Short Blades
  1222 | D:2      | Reached XP level 4. HP: 29/29 MP: 4/4
  2275 | D:3      | Found a glowing silver altar of Zin.
  2294 | D:3      | Reached skill level 4 in Dodging
  2381 | D:3      | Noticed Sigmund
  2392 | D:3      | Killed Sigmund
  2393 | D:3      | Reached XP level 5. HP: 34/34 MP: 5/5
  2393 | D:3      | Reached XP level 6. HP: 39/39 MP: 6/6
  2748 | D:4      | Noticed Edmund
  2777 | D:4      | Killed Edmund
  2778 | D:4      | Reached skill level 5 in Dodging
  2778 | D:4      | Reached XP level 7. HP: 16/44 MP: 7/7
  3100 | D:4      | Noticed Natasha
  3104 | D:4      | Killed Natasha
  3105 | D:4      | Reached skill level 5 in Fighting
  3211 | D:4      | Noticed Natasha
  3220 | D:4      | Killed Natasha
  3522 | D:4      | Found a staircase to the Ecumenical Temple.
  3544 | Temple   | Entered the Ecumenical Temple
  3821 | Temple   | Became a worshipper of Dithmenos the Shadowed
  3821 | Temple   | Reached * piety under Dithmenos
  3821 | Temple   | Reached ** piety under Dithmenos
  4015 | D:4      | Noticed Natasha
  4034 | D:4      | Killed Natasha
  4263 | D:4      | Found a blossoming altar of Fedhas.
  4891 | D:5      | Entered Level 5 of the Dungeon
  4905 | D:5      | Reached XP level 8. HP: 49/49 MP: 8/8
  5012 | D:5      | Reached skill level 5 in Stealth
  5082 | D:5      | Found Ziexon's Weapon Boutique.
  5287 | D:5      | Reached skill level 6 in Dodging
  6271 | D:5      | Noticed a two-headed ogre
  6564 | D:5      | Killed a two-headed ogre
  6565 | D:5      | Reached skill level 10 in Short Blades
  6565 | D:5      | Reached XP level 9. HP: 21/56 MP: 9/9
  7009 | D:6      | Reached skill level 7 in Dodging
  7055 | D:6      | Found a runed translucent door.
  7063 | D:6      | Noticed hquester's ghost (amateur SpFi)
  8302 | D:7      | Reached skill level 8 in Dodging
  8351 | D:7      | Reached *** piety under Dithmenos
  9249 | D:8      | Found a staircase to the Lair.
  9274 | D:8      | Reached skill level 9 in Dodging
  9283 | D:8      | Reached XP level 10. HP: 63/63 MP: 10/10
  9354 | D:8      | Found a flagged portal.
  9363 | Bailey   | Entered a bailey
  9475 | Bailey   | Reached skill level 10 in Dodging
  9605 | Bailey   | Reached skill level 1 in Evocations
  9811 | Bailey   | Noticed a two-headed ogre
  9821 | Bailey   | Killed a two-headed ogre
  9822 | Bailey   | Reached skill level 5 in Evocations
  9897 | Bailey   | Identified the +1 steam dragon scales of Eternity {rPois
                  | Int+2}
 10803 | D:8      | Found a shimmering blue altar of Sif Muna.
 11375 | D:8      | Reached XP level 11. HP: 69/69 MP: 11/11
 11491 | D:9      | Noticed a two-headed ogre
 11495 | D:9      | Killed a two-headed ogre
 11496 | D:9      | Reached skill level 11 in Dodging
 11521 | D:9      | Noticed a deep elf pyromancer
 11525 | D:9      | Killed a deep elf pyromancer
 11759 | D:9      | Reached **** piety under Dithmenos
 11802 | D:9      | Learned a level 2 spell: Ensorcelled Hibernation
 11806 | D:9      | Learned a level 3 spell: Confusing Touch
 11810 | D:9      | Learned a level 3 spell: Dazzling Flash
 12532 | D:9      | Found a staircase to the Orcish Mines.
 12844 | D:10     | Entered Level 10 of the Dungeon
 12892 | D:10     | Noticed a manticore
 12896 | D:10     | Killed a manticore
 13111 | Lair:1   | Entered Level 1 of the Lair of Beasts
 13111 | Lair:1   | Noticed a seven-headed hydra
 13115 | Lair:1   | Killed a seven-headed hydra
 13116 | Lair:1   | Reached skill level 12 in Dodging
 13194 | Lair:1   | Reached skill level 10 in Fighting
 13238 | Lair:1   | Reached XP level 12. HP: 77/77 MP: 12/12
 13395 | Lair:1   | Noticed an eight-headed hydra
 13406 | Lair:1   | Killed an eight-headed hydra
 13407 | Lair:1   | Reached skill level 10 in Stealth
 13720 | Lair:1   | Reached skill level 1 in Invocations
 14003 | Lair:1   | Reached skill level 13 in Dodging
 15098 | Lair:1   | Reached skill level 14 in Dodging
 16165 | Lair:2   | Reached ***** piety under Dithmenos
 16591 | Lair:2   | Identified the +4 trident of Zupumm {freeze, SInv}
 16875 | Lair:3   | Reached XP level 13. HP: 83/83 MP: 15/15
 16948 | Lair:3   | Noticed a catoblepas
 16965 | Lair:3   | Killed a catoblepas
 17269 | Lair:3   | Noticed a boulder beetle
 17290 | Lair:3   | Killed a boulder beetle
 18065 | Lair:3   | Found a staircase to the Shoals.
 18341 | Lair:4   | Reached skill level 15 in Dodging
 18649 | Lair:4   | Reached skill level 10 in Evocations
 19287 | Lair:4   | Found a staircase to the Snake Pit.
 19464 | Lair:4   | Found a transporter.
 19511 | Lair:4   | Reached XP level 14. HP: 92/92 MP: 16/16
 19657 | Lair:4   | Found a transporter.
 20468 | Lair:4   | Noticed ew1980's ghost (journeyman TrGl)
 20493 | Lair:4   | HP: 3/92 [ew1980's ghost (7)]
 20495 | Lair:4   | Slain by ew1980's ghost

Illustrated notes

Levels and vault maps discovered:
D:1:      lightli_iron_boxes, layout_basic, st_stairs_2
D:2:      layout_rooms
D:3:      layout_loops_cross, old_standard_altar, uniq_sigmund
D:4:      layout_loops_corners, fedhas_altar_4, minmay_temple_entry_mist,
          grunt_decor_cap, uniq_edmund, uniq_natasha
D:5:      layout_loops_cross, serial_shops, nicolae_shop_behind_doors
D:6:      layout_loops_corners, ebering_ghost_sewer_d
D:7:      layout_gridville, serial_park_tiny_pond, abandoned_shop
D:8:      layout_gridville, mainiacjoe_overflow_boulevard, lair_entry_dummy,
          enter_bailey_5, serial_bayou_crossing
D:9:      layout_cave_pools, david_orc_4, serial_glass, glass_columns_b,
          glass_columns_b, feat_on_display, item_on_display_a
D:10:     layout_roguey, minmay_tree_intersection, onia_ninara_cookie
Temple:   mainiacjoe_temple_bowtie_tessellation
Lair:1:   beast_lair_carwin_large_1, layout_regular_city
Lair:2:   layout_gridlike, grunt_megastairs_2
Lair:3:   layout_regular_city, elwin_shoals_entry_rooms
Lair:4:   regret_index_wax_grids, layout_regular_city,
          minmay_snake_entry_guardpost_small, nzn_ghost_randoct,
          lookout_lair_type

Skill      XL: |  1  2  3  4  5  6  7  8  9 10 11 12 13 |
---------------+----------------------------------------+-----
Short Blades   | 5 6 7 8 10 11 12 14 | 14.5
Fighting       | 4 5 6 7 8 10 12 | 12.2
Dodging        | 4 5 6 9 10 12 14 15 | 15.0
Stealth        | 3 4 6 9 10 13 | 13.5
Evocations     | 6 8 10 | 10.0
Invocations    | 3 |  3.0

Action                   |  1- 3 |  4- 6 |  7- 9 | 10-12 | 13-15 || total
-------------------------+-------+-------+-------+-------+-------++-------
Melee: Short sword       |    68 |    89 |   244 |   471 |   435 ||  1307
       Punch             |       |     1 |     4 |       |       ||     5
Evoke: Wand              |       |       |     3 |    22 |    12 ||    37
       Condenser vane    |       |       |       |       |     1 ||     1
  Use: Scroll            |       |       |    21 |     9 |     2 ||    32
       Potion            |       |       |       |     5 |       ||     5
 Stab: Sleeping          |    11 |    18 |    28 |    34 |    18 ||   109
       Distracted        |       |       |     3 |     7 |     5 ||    15
       Paralysed         |       |       |       |     1 |       ||     1
Armor: Robe              |    12 |     5 |    16 |     1 |       ||    34
       Steam dragon scal |       |       |       |    36 |    24 ||    60
Dodge: Dodged            |    45 |    34 |   131 |   399 |   320 ||   929

Table legend: (Time is in decaauts)
 A = Elapsed time spent in this place.
 B = Non-inter-level travel time spent in this place.
 C = Inter-level travel time spent in this place.
 D = Time resting spent in this place.
 E = Time spent auto-exploring this place.
 F = Levels seen in this place.
 G = Mean time per level.
                   A        B        C        D        E       F      G
               +--------+--------+--------+--------+--------+-----+--------+
         Total |  20643 |  19796 |    847 |   6608 |   9336 |  16 | 1290.2 |
       Dungeon |  12298 |  11712 |    586 |   3264 |   6264 |  10 | 1229.8 |
        Temple |    302 |    269 |     33 |      0 |    238 |   1 |  302.0 |
          Lair |   7413 |   7185 |    228 |   3018 |   2811 |   4 | 1853.2 |
        Bailey |    629 |    629 |      0 |    325 |     22 |   1 |  629.0 |
               +--------+--------+--------+--------+--------+-----+--------+

Top non-repeatable levels by time:
  Lair:1: 2857 daAuts
     D:4: 2550 daAuts
  Lair:4: 2156 daAuts
     D:8: 1707 daAuts
     D:9: 1419 daAuts
  Lair:3: 1343 daAuts
     D:5: 1318 daAuts
     D:6: 1259 daAuts
     D:1: 1119 daAuts
     D:7: 1092 daAuts
     D:3: 1087 daAuts
  Lair:2: 1056 daAuts
  Bailey: 629 daAuts
     D:2: 528 daAuts
  Temple: 302 daAuts
